 Dungeon Crawl Stone Soup version 0.13-a0-2557-g7ea0453 (console) character file.

5319 Kellhus the Basher (level 10, -3/69 HPs)
             Began as a Mummy Chaos Knight on July 29, 2013.
             Was a Plaything of Xom.
             Slain by a killer bee (5 damage)
             ... on Level 9 of the Dungeon.
             The game lasted 00:24:18 (10117 turns).

Kellhus the Basher (Mummy Chaos Knight)            Turns: 10117, Time: 00:24:19

HP  -3/69        AC 15     Str 18      XL: 10   Next: 26%
MP  10/10        EV  0     Int 11      God: Xom
Gold 431         SH  0     Dex 11      Spells:  0 memorised,  9 levels left

Res.Fire  : . . .   See Invis. : .   a - +2,+1 whip (venom)
Res.Cold  : . . .   Warding    : .   A - +0 orc plate armour
Life Prot.: + + +   Conserve   : +   c - +0 orc large shield
Res.Poison: +       Res.Corr.  : .   (no helmet)
Res.Elec. : .       Clarity    : .   y - +1 cloak
Sust.Abil.: . .     Spirit.Shd : .   r - +0 pair of gloves
Res.Mut.  : .       Stasis     : .   (no boots)
Res.Rott. : +       Flight     : .   p - amulet of conservation
Saprovore : . . .                    (no ring)
                                     g - ring of fire

@: confused, somewhat resistant to hostile enchantments, extremely unstealthy
A: no food or potions, fire vulnerability, restore body, cold resistance 1, life
protection 3, poison resistance, torment resistance, unbreathing
a: Renounce Religion


You were on level 9 of the Dungeon.
You worshipped Xom.
You were a plaything of Xom.
You were not hungry.

You visited 1 branch of the dungeon, and saw 9 of its levels.

You collected 411 gold pieces.

Inventory:

Hand weapons
 a - a +2,+1 whip of venom (weapon)
 b - a +1,+2 orcish flail
 n - a +3,+0 scythe of freezing
 z - a +4,+1 dwarven great mace
 B - a +0,+0 mace of chaos
 I - a +1,+2 hand axe of flaming (quivered)
Missiles
 q - 10 silver bolts
Armour
 c - a +0 orcish large shield (worn)
 k - a +2 leather armour
 r - a +0 pair of gloves (worn)
 y - a +1 cloak (worn)
 A - a +0 orcish plate armour (worn)
 E - a +0 cloak
Magical devices
 i - a wand of hasting (2) {unknown}
 l - a wand of magic darts (3)
 m - a wand of confusion (0) {unknown}
 s - a wand of random effects (7) {unknown}
 t - a wand of draining (3)
 C - a wand of random effects (12) {unknown}
 H - a wand of digging (14) {unknown}
Scrolls
 d - a scroll of fear
 e - 3 scrolls of curse weapon {unknown}
 f - 3 scrolls of teleportation {unknown}
 h - a scroll of enchant weapon II {unknown}
 j - 5 scrolls of remove curse
 o - 3 scrolls of blinking
 v - a scroll of identify
 w - a scroll of curse armour
 F - a scroll of enchant weapon I {unknown}
 G - a scroll of amnesia {unknown}
Jewellery
 g - a ring of fire (left hand)
 p - an amulet of conservation (around neck)
Books
 x - Ogeutroe's Grimoire of Poison and Battle Magic
   (Xom gifted it to you on level 4 of the Dungeon)

   Spells                             Type                      Level
   Sting                              Conjuration/Poison           1
   Mephitic Cloud                     Conjuration/Poison/Air       3
   Summon Scorpions                   Summoning/Poison             4
   Alistair's Intoxication            Transmutation/Poison         4
   Venom Bolt                         Conjuration/Poison           5
 D - a book of Cantrips

   Spells                             Type                      Level
   Confusing Touch                    Hexes                        1
   Animate Skeleton                   Necromancy                   1
   Summon Small Mammal                Summoning                    1
   Apportation                        Translocation                1
Magical staves
 u - an uncursed staff of wizardry {unknown}


   Skills:
 - Level 3.0 Fighting
 - Level 12.2 Maces & Flails
 + Level 3.8 Armour
 - Level 0.7 Dodging


You had 9 spell levels left.
You didn't know any spells.

Dungeon Overview and Level Annotations

Branches:
Dungeon (9/27)             Temple (0/1) D:4
    Orc: D:6-11        Lair: D:8-13

Altars:
Ashenzari
Elyvilon
Fedhas
Kikubaaqudgha
Trog
Zin
the Shining One

Shops:
D:4: [ D:5: ! D:7: *( D:8: %

Portals:
Ziggurat: D:8 (3730 gp)

Annotations
D:6 docbrown's ghost, experienced SpEn


Innate Abilities, Weirdness & Mutations

You do not eat or drink.
Your flesh is vulnerable to fire.
Your flesh is cold resistant.
You are immune to negative energy.
Your system is resistant to poisons.
You are immune to unholy pain and torment.
You can survive without breathing.


Message History

The killer bee stings you but does no damage.
You're too confused!
That item cannot be evoked!
You can't drink.
Evoke which item? (* to show all) (? for menu, Esc to quit)
Okay, then.
You miss the killer bee. The killer bee stings you.
* * * LOW HITPOINT WARNING * * *
The killer bee stings you.
* * * LOW HITPOINT WARNING * * *
The killer bee stings you but does no damage.
Unknown command.
Ouch!
The killer bee stings you but does no damage.
The killer bee stings you.
* * * LOW HITPOINT WARNING * * *
The killer bee stings you but does no damage.
The killer bee stings you.
You die...
Xom guffaws!

#...#....# .# ###...####.#
#### Y# #.....# #.###...# .#
#.##.#####.5.....# .#
#.##...#......... .#
#.##...#....%.# .# .
#.##..%#......# .# ...
#.##.#####....#######.#.....#
#.##...........k@kYYY........
#.##..##.......k#####.#####.#
#.##..##..###..## .#
#.##.!##..#^#..#### .#
#.........###....... ..
#.................# .#
#.....##..).......# k#
#.....###.)..##...# kk
#...#.# ##.### ####


k You could see 3 yaks and 3 killer bees.

Vanquished Creatures
  Maurice (D:8)
  2 yaks
  A hill giant skeleton (D:9)
  A hippogriff (D:8)
  2 orc warriors
  2 phantoms
  2 swamp drakes
  A sky beast (D:7)
  2 ice beasts
  A black bear (D:6)
  An ogre (D:5)
  A centaur (D:7)
  9 big kobolds
  Blork the orc (D:5)
  3 giant frogs
  A water moccasin (D:8)
  6 killer bees
  A hippogriff skeleton (D:8)
  A goliath beetle (D:7)
  3 crimson imps (D:5)
  9 hounds
  3 iguanas
  An orc priest (D:5)
  9 orc wizards
  3 humans (D:9)
  A worker ant (D:8)
  2 scorpions
  A killer bee zombie (D:5)
  A jelly (D:7)
  A hound skeleton (D:6)
  2 mummies
  5 gnolls
  6 adders
  A lemure (D:3)
  5 worms
  4 giant mites
  An ufetubus (D:3)
  An adder skeleton (D:5)
  5 giant geckos
  An ooze (D:1)
  14 orcs
  8 ball pythons
  9 bats
  3 giant cockroaches
  9 goblins
  A grey rat (D:3)
  7 hobgoblins
  5 jackals
  21 kobolds
  2 kobold skeletons
  A quokka (D:8)
  14 rats
  A rat skeleton (D:5)
  A ballistomycete (D:8)
200 creatures vanquished.

Vanquished Creatures (collateral kills)
  Grinder (D:3)
  Eustachio (D:3)
  The ghost of Bastard the Twirler, an average OpGl (D:3)
  Sigmund (D:3)
  An orc priest (D:3)
  Ijyb (D:3)
  Jessica (D:3)
  An adder (D:7)
  A lemure (D:3)
  An ufetubus (D:3)
  A grey rat (D:3)
  7 orcs (D:3)
  2 bats (D:3)
  A goblin (D:3)
  3 hobgoblins
  A kobold (D:8)
  A rat (D:3)
26 creatures vanquished.

Vanquished Creatures (others)
  A big kobold (D:8)
  A crimson imp (D:9)
  An orc (D:8)
  A giant spore (D:8)
4 creatures vanquished.

Grand Total: 230 creatures vanquished

Notes
Turn   | Place    | Note
--------------------------------------------------------------
     0 | D:1      | Kellhus, the Mummy Chaos Knight, began the quest for the Orb.
     0 | D:1      | Reached XP level 1. HP: 16/16 MP: 1/1
   273 | D:1      | Reached XP level 2. HP: 22/22 MP: 2/2
   449 | D:1      | XOM: harmless Fire miscast
   581 | D:1      | Reached XP level 3. HP: 11/28 MP: 3/3
   820 | D:1      | XOM: noise
   927 | D:1      | XOM: noise
  1306 | D:2      | XOM: medium Conj miscast
  1724 | D:2      | Found a white marble altar of Elyvilon.
  1867 | D:2      | Reached skill level 4 in Maces & Flails
  1867 | D:2      | Reached XP level 4. HP: 30/34 MP: 4/4
  2022 | D:2      | XOM: noise
  2352 | D:2      | XOM: medium Necr miscast
  2559 | D:2      | XOM: noise
  3042 | D:2      | XOM: stat loss: -1 Str (15/16)
  3095 | D:2      | XOM: noise
  3123 | D:3      | XOM: silly message
  3124 | D:3      | Noticed Jessica
  3124 | D:3      | XOM: harmless Hex miscast
  3127 | D:3      | XOM: noise
  3133 | D:3      | XOM: summons friendly sun demon
  3143 | D:3      | Noticed Grinder
  3144 | D:3      | Killed Jessica
  3150 | D:3      | Killed Grinder
  3150 | D:3      | Reached skill level 5 in Maces & Flails
  3150 | D:3      | Reached XP level 5. HP: 13/39 MP: 5/5
  3153 | D:3      | Noticed Ijyb
  3156 | D:3      | Killed Ijyb
  3180 | D:3      | XOM: colour smoke trail
  3186 | D:3      | Noticed Sigmund
  3213 | D:3      | Killed Sigmund
  3213 | D:3      | Reached XP level 6. HP: 17/46 MP: 6/6
  3364 | D:3      | Noticed Bastard's ghost (average OpGl)
  3370 | D:3      | Killed Bastard's ghost
  3370 | D:3      | Reached skill level 6 in Maces & Flails
  3454 | D:3      | XOM: 5-stop teleportation journey
  3597 | D:3      | Found a glowing silver altar of Zin.
  3598 | D:3      | Found a shattered altar of Ashenzari.
  3698 | D:3      | XOM: colour smoke trail
  3787 | D:3      | XOM: god gift: meat ration
  3814 | D:3      | XOM: vitrification
  3837 | D:4      | Noticed Eustachio
  3840 | D:4      | XOM: polymorph adder -> rat
  3888 | D:3      | XOM: summons friendly crimson imp
  3917 | D:3      | Killed Eustachio
  4132 | D:4      | Found a staircase to the Ecumenical Temple.
  4156 | D:4      | Reached XP level 7. HP: 51/51 MP: 7/7
  4269 | D:3      | XOM: god gift: knobbly glowing staff {god gift}
  4432 | D:4      | Reached skill level 7 in Maces & Flails
  4702 | D:4      | Found Uviup's Armour Boutique.
  4728 | D:4      | XOM: god gift: droning book {god gift}
  4729 | D:4      | Identified Ogeutroe's Grimoire of Poison and Battle Magic (Xom gifted it to you on level 4 of the Dungeon)
  4854 | D:5      | Entered Level 5 of the Dungeon
  4904 | D:5      | Found Lammaf's Distillery.
  5151 | D:5      | XOM: silly message
  5233 | D:5      | Found a glowing golden altar of the Shining One.
  5394 | D:5      | XOM: noise
  5397 | D:5      | Reached skill level 8 in Maces & Flails
  5416 | D:5      | Noticed Blork the orc
  5505 | D:4      | XOM: harmless Ice miscast
  5552 | D:5      | Killed Blork the orc
  5552 | D:5      | Reached XP level 8. HP: 58/58 MP: 8/8
  5584 | D:5      | Found an ancient bone altar of Kikubaaqudgha.
  5585 | D:5      | Found a blossoming altar of Fedhas.
  5625 | D:5      | XOM: mild Erth miscast
  5648 | D:5      | XOM: potion effect (invisibility)
  5761 | D:5      | Found a bloodstained altar of Trog.
  6037 | D:5      | XOM: enchant monster (good)
  6180 | D:5      | XOM: colour smoke trail
  6206 | D:5      | XOM: divination: detect creatures
  6218 | D:5      | XOM: blink monster(s)
  6364 | D:6      | Reached skill level 9 in Maces & Flails
  6470 | D:6      | Noticed docbrown's ghost (experienced SpEn)
  6477 | D:6      | XOM: noise
  6996 | D:7      | XOM: harmless Pois miscast
  7146 | D:7      | XOM: silly message
  7219 | D:7      | XOM: divination: detect creatures
  7253 | D:7      | Reached skill level 10 in Maces & Flails
  7400 | D:7      | XOM: enchant monster (bad)
  7411 | D:7      | XOM: summons 2 friendly demons
  7415 | D:7      | XOM: summons 4 hostile shadow creatures
  7437 | D:7      | Reached XP level 9. HP: 43/63 MP: 9/9
  7534 | D:7      | XOM: god gift: 10 silver bolts
  7582 | D:7      | Found Laloggy's Serpentskin Sales.
  7656 | D:7      | XOM: inner flame monster(s)
  7737 | D:7      | Found Naxiguk's Weapon Emporium.
  7770 | D:7      | XOM: 5-stop teleportation journey
  7885 | D:8      | XOM: cast spell 'Metabolic Englaciation'
  7998 | D:8      | XOM: polymorph big kobold -> swamp drake
  8043 | D:8      | XOM: inner flame monster(s)
  8150 | D:8      | XOM: confuse monster(s)
  8167 | D:8      | XOM: cast spell 'Summon Ice Beast'
  8173 | D:8      | Reached skill level 11 in Maces & Flails
  8313 | D:8      | Found Fadoar's Food Shoppe.
  8448 | D:8      | XOM: potion effect (might)
  8606 | D:8      | XOM: polymorph ice beast -> swamp drake
  8741 | D:8      | XOM: polymorph jelly -> iguana
  8875 | D:8      | Found a gateway to a ziggurat.
  8960 | D:8      | Noticed Maurice
  8963 | D:8      | XOM: inner flame monster(s)
  8967 | D:8      | XOM: confuse monster(s)
  9150 | D:8      | Killed Maurice
  9150 | D:8      | Reached skill level 12 in Maces & Flails
  9150 | D:8      | Reached XP level 10. HP: 62/69 MP: 10/10
  9220 | D:8      | XOM: enchant monster (good)
  9315 | D:8      | XOM: vitrification
  9686 | D:9      | XOM: swap monsters
  9689 | D:9      | XOM: summons 2 friendly demons
  9730 | D:9      | XOM: god gift: wooden wand {god gift}
  9938 | D:9      | XOM: summons friendly crimson imp
  9968 | D:9      | XOM: mild Divn miscast
 10091 | D:9      | XOM: confusion
 10116 | D:9      | HP: 3/69 [killer bee (2)]
 10117 | D:9      | Slain by a killer bee

Action                   |  1- 3 |  4- 6 |  7- 9 | 10-12 || total
-------------------------+-------+-------+-------+-------++-------
Melee: Mace              |   101 |    50 |       |       ||   151
       Flail             |       |    59 |   102 |    19 ||   180
       Whip              |       |       |   621 |   138 ||   759
Evoke: Wand              |       |       |    11 |       ||    11
  Use: Scroll            |       |       |     7 |       ||     7
 Stab: Paralysed         |     1 |       |     9 |     5 ||    15
       Confused          |     1 |     2 |       |       ||     3
